 Dungeon Crawl Stone Soup version 0.25-a0-346-g140ab784a8 (webtiles) character file.

Game seed: 1552513508594968212, levelgen mode: deterministic

45 night the Digger (level 3, -1/21 HPs)
             Began as an Octopode Earth Elementalist on Dec 31, 2019.
             Slain by an ooze (2 damage)
             ... on level 2 of the Dungeon.
             The game lasted 00:02:36 (2046 turns).

night the Digger (Octopode Earth Elementalist)      Turns: 2046, Time: 00:02:37

Health: -1/21      AC:  1    Str:  7    XL:     3   Next: 64%
Magic:  0/7        EV: 13    Int: 18    God:
Gold:   87         SH:  0    Dex: 12    Spells: 3/7 levels left

rFire    . . .     SeeInvis .   l - +0 dagger (curse)
rCold    . . .     Gourm    .   (no shield)
rNeg     . . .     Faith    .   (helmet restricted)
rPois    .         Spirit   .   (no amulet)
rElec    .         Reflect  .   (no ring)
rCorr    .         Harm     .   (no ring)
MR       .....                  (no ring)
Stlth    +++.......             (no ring)
HPRegen  0.07/turn              (no ring)
MPRegen  0.10/turn              (no ring)
                                (no ring)
                                (no ring)

@: lethally poisoned (-1 -> -40), very slightly contaminated
A: almost no armour, stealthy swim, amphibious, 8 rings, constrict 8, camouflage
1, gelatinous body 1
a: no special abilities


You were on level 2 of the Dungeon.
You were very hungry.

You visited 1 branch of the dungeon, and saw 2 of its levels.

You collected 87 gold pieces.

Inventory:

Hand Weapons
 e - a +0 short sword
 g - a +0 dagger
 l - a cursed +0 dagger (weapon)
Missiles
 b - 53 stones (quivered)
 f - 6 javelins
 j - 11 arrows
Scrolls
 a - 2 scrolls of identify {unknown}
 d - 2 scrolls of fog {unknown}
 h - 2 scrolls of enchant armour {unknown}
 i - a scroll of teleportation {unknown}
 m - a scroll of remove curse {unknown}
Potions
 k - a potion of might {unknown}
 n - a potion of agility {unknown}
 o - a potion of magic {unknown}
Comestibles
 c - a ration


   Skills:
 - Level 2.0 Dodging
 - Level 2.6 Stealth
 + Level 2.9 Spellcasting
   Level 1.0 Transmutations
 + Level 3.8 Earth Magic


You had 3 spell levels left.
You knew the following spells:

 Your Spells              Type           Power        Failure   Level  Hunger
a - Sandblast             Erth           ###...       3%          1    None
b - Stone Arrow           Conj/Erth      #.....       22%         3    ###....

Your spell library contained the following spells:

 Spells                   Type           Power        Failure   Level  Hunger
 Passwall                 Tmut/Erth      ##......     10%         2    ##.....
 Petrify                  Tmut/Erth      ##......     52%         4    ####...
 Lee's Rapid Deconstruct  Erth           ###.......   67%         5    ######.


Dungeon Overview and Level Annotations

Branches:
Dungeon (2/15)

Altars:


Innate Abilities, Weirdness & Mutations

You cannot wear most types of armour.
You are very stealthy in the water. (Stealth+)
You are amphibious.
You can wear up to eight rings at the same time.
You can use your tentacles to constrict eight enemies at once.
Your skin changes colour to match your surroundings (Stealth+).
Your rubbery body absorbs attacks. (AC +1, EV +1)


Message History

Casting: Sandblast (safe; 3% risk of failure)
Confirm with . or Enter, or press ? or * to list all spells.
You don't have enough magic to cast that spell.
You feel very sick.
The hobgoblin throws a poisoned dart.
The poisoned dart hits you!
You are more poisoned.
You see here a poisoned dart.
You feel very sick. The hobgoblin closely misses you.
You are too injured to fight recklessly!
You hit the hobgoblin. You grab the hobgoblin. You squeeze the hobgoblin.
You kill the hobgoblin!
* * * LOW HITPOINT WARNING * * *
You feel very sick.
You hit the ooze.
The ooze is moderately wounded.
* * * LOW HITPOINT WARNING * * *
You feel very sick. The ooze hits you.
You die...

###..........#
.............# #
#....(...# #.
#.......###### #.
#..(#.##.....# #.
#.(##.##÷....## #..
##(.##.##......##
#..##(.>...#........#
#.J@.##.....######.#
#.)#.###....#...## .
#.....##..........##
...#.#.#............#
#.###.#).........<...#
# #.###....÷.......#
..##............## #
.##..#....##...## #.#
#.##...#######


You could see an ooze.

Vanquished Creatures
  An adder (D:2)
  An ooze (D:1)
  2 dart slugs (D:1)
  3 bats
  2 giant cockroaches (D:1)
  3 hobgoblins
  5 kobolds
  A ball python (D:2)
  2 frilled lizards (D:1)
  4 goblins (D:1)
  3 rats
27 creatures vanquished.

Notes
Turn   | Place    | Note
-------+----------+-------------------------------------------
     0 | D:1      | night the Octopode Earth Elementalist began the quest for
                  | the Orb.
     0 | D:1      | Reached XP level 1. HP: 11/11 MP: 3/3
   208 | D:1      | Reached XP level 2. HP: 12/17 MP: 3/5
  1292 | D:1      | Reached XP level 3. HP: 21/21 MP: 6/6
  1722 | D:1      | Learned a level 3 spell: Stone Arrow
  2046 | D:2      | HP: 1/21 [poisoned by a hobgoblin]
  2046 | D:2      | Slain by an ooze

Levels and vault maps discovered:
D:1:      psy_arrival_radial02, layout_basic
D:2:      layout_rooms

Action                   || total
-------------------------++-------
Melee: Dagger            ||    60
       Constrict         ||    17
       Tentacles         ||     5
 Cast: Sandblast         ||     6
       Stone Arrow       ||     6
 Stab: Sleeping          ||     5
  Eat: Chunk             ||     3
Armor: Skin              ||     5
Dodge: Dodged            ||    33

Table legend:
 A = Non-vault XP
 B = Vault XP
 C = Vault XP percentage of total XP
 D = Non-vault monster count
 E = Vault monster count
 F = Vault count percentage of total count
                 A         B        C        D         E       F
            +---------+---------+-------+---------+---------+-------
      Total |      65 |       0 |   0.0 |      27 |       0 |   0.0
            +---------+---------+-------+---------+---------+-------
        D:1 |      44 |       0 |   0.0 |      20 |       0 |   0.0
        D:2 |      21 |       0 |   0.0 |       7 |       0 |   0.0
            +---------+---------+-------+---------+---------+-------
